 Dungeon Crawl Stone Soup version 0.18-a0-1778-gadce9fa (webtiles) character file.

93 Zhenya25pyc the Covered (level 4, -6/29 HPs)
             Began as a Gargoyle Fighter on Apr 16, 2016.
             Killed by divine providence
             ... invoked by an orc priest
              (12 damage)
             ... on level 3 of the Dungeon.
             The game lasted 00:04:17 (2267 turns).

Zhenya25pyc the Covered (Gargoyle Fighter)          Turns: 2267, Time: 00:04:20

Health: -6/29      AC: 15    Str: 21    XL:     4   Next: 62%
Magic:  4/4        EV:  3    Int:  8    God:
Gold:   135        SH:  9    Dex:  9    Spells: 0 memorised, 3 levels left

rFire  x . .     SeeInvis .     a - +0 flail
rCold  + . .     Gourm    .     r - +0 plate armour
rNeg   + . .     Faith    .     c - +0 shield
rPois  ∞         Spirit   .     (no helmet)
rElec  +         Dismiss  .     (no cloak)
rCorr  .         Reflect  .     (no gloves)
SustAt .         Harm     .     (no boots)
MR     .....                    (no amulet)
Stlth  ..........               g - ring of ice
                                n - ring of poison resistance

@: not resistant to hostile enchantments, extremely unstealthy
A: negative energy resistance 1, electricity resistance, unbreathing,
petrification resistance, rot immunity, AC +3
a: no special abilities


You were on level 3 of the Dungeon.
You were very hungry.

You visited 1 branch of the dungeon, and saw 3 of its levels.

You collected 135 gold pieces.

Inventory:

Hand Weapons
 a - a +0 flail (weapon)
Armour
 c - a +0 shield (worn)
 r - a +0 plate armour (worn)
Jewellery
 g - a ring of ice (right hand)
 n - a ring of poison resistance (left hand)
Scrolls
 j - a scroll of amnesia {unknown}
 m - 2 scrolls of random uselessness {unknown}
 q - a scroll of identify {unknown}
 s - a scroll of remove curse {unknown}
Potions
 b - a potion of mutation {unknown}
 d - a potion of might
 e - a potion of cure mutation {unknown}
 h - a potion of flight {unknown}
 l - a potion of curing {unknown}
 p - 3 potions of heal wounds {unknown}
Comestibles
 f - a bread ration
 i - 4 fruits
 k - a meat ration
 o - a beef jerky


   Skills:
 + Level 3.8 Fighting
 * Level 3.5 Maces & Flails
 + Level 4.1 Armour
 - Level 3.2 Shields


You had 3 spell levels left.
You didn't know any spells.

Dungeon Overview and Level Annotations

Branches:
Dungeon (3/15)

Altars:
Ashenzari
Elyvilon


Innate Abilities, Weirdness & Mutations

You are resistant to torment.
Your stone body is resilient (AC +3).
You are immune to poison.
You resist negative energy.
You are resistant to electric shocks.
You can survive without breathing.
You are immune to petrification.
You are immune to rotting.


Message History

Beogh smites you!
* * * LOW HITPOINT WARNING * * *
You closely miss the bat. The bat hits you but does no damage.
The orc wizard mumbles some strange words.
The orc wizard seems to speed up.
You block the orc's attack.
The orc wizard hits you but does no damage.
The orc hits you but does no damage. You block the bat's attack.
The orc wizard gestures at you while chanting.
The puff of frost hits you!
The orc wizard hits you but does no damage.
Found a stone staircase leading down.
Your shield and plate armour prevent you from hitting the orc wizard.
The orc wizard is heavily wounded.
The bat barely misses you. x2
The orc wizard hits you but does no damage.
You block the orc's attack.
The orc priest mumbles some strange prayers to Beogh against you.
Beogh smites you!
You die...

###..#.<. #... #.
#......... ###... #.
..... .# # ......##.
#..# .#.# #..... #..#
.#. ### #...## # #..# ..
...> ##.... #.
#oo##.#..### ##.÷##
#.##.oo#.....!........##
#....#o@b....##.........
#.#....###...#######..##
#.#.†#####...# #..#
#............# #..#
###..####... . ...#
#..####.#..# #..#
#..........# #.......#.#
#..## #...#####.####
#....


You could see an orc priest, 2 orc wizards, 2 orcs and a bat.

Vanquished Creatures
  2 adders (D:2)
  2 worms (D:2)
  3 dart slugs
  5 giant geckos
  2 ball pythons (D:1)
  2 giant cockroaches
  5 goblins
  7 hobgoblins
  10 jackals
  A quokka (D:2)
  5 giant newts
  6 kobolds
  4 rats
54 creatures vanquished.

Vanquished Creatures (others)
  A quokka (D:3)
1 creature vanquished.

Grand Total: 55 creatures vanquished

Notes
Turn   | Place    | Note
--------------------------------------------------------------
     0 | D:1      | Zhenya25pyc the Gargoyle Fighter began the quest for the Orb.
     0 | D:1      | Reached XP level 1. HP: 14/14 MP: 1/1
    30 | D:1      | Reached XP level 2. HP: 14/19 MP: 2/2
   414 | D:1      | Reached XP level 3. HP: 23/23 MP: 3/3
  1443 | D:2      | Found a shattered altar of Ashenzari.
  1568 | D:2      | Reached XP level 4. HP: 22/29 MP: 4/4
  1640 | D:2      | Reached skill level 4 in Armour
  1834 | D:3      | Found a white marble altar of Elyvilon.
  2267 | D:3      | Killed from afar by an orc priest

Vault maps used:
D:1:      minmay_arrival_four_houses
D:2:      ashenzari_altar_1, hangedman_glass_teeth
D:3:      elyvilon_altar_4, portal_sewer_entry_e, minmay_misc_feat_four_crosses

Skill      XL: |  1  2  3  4 |
---------------+-------------+-----
Maces & Flails | 3 |  3.5
Armour         | 4 |  4.1
Fighting       | |  3.8
Shields        | |  3.2

Action                   |  1- 3 |  4- 6 || total
-------------------------+-------+-------++-------
Melee: Flail             |   157 |   140 ||   297
  Eat: Chunk             |     2 |     2 ||     4
Armor: Scale mail        |    68 |    37 ||   105
       Plate armour      |       |    90 ||    90
Dodge: Dodged            |    50 |    34 ||    84
Block: Shield            |    73 |    92 ||   165
